 Dungeon Crawl Stone Soup version 0.27.0-1-g7a089689b8 (webtiles) character file.

Game seed: 570210939145997505

0 hawla the Sneak (level 1, -4/13 HPs)
             Began as a Deep Elf Delver on Aug 8, 2021.
             Slain by a yak (14 damage)
             ... on level 3 of the Dungeon.
             The game lasted 00:00:55 (55 turns).

hawla the Sneak (Deep Elf Delver)                     Turns: 55, Time: 00:00:56

Health: -4/13      AC:  3    Str:  9    XL:     1   Next: 0%
Magic:  3/3        EV: 12    Int: 14    God:
Gold:   0          SH:  0    Dex: 16    Spells: 0/0 levels left

rFire    . . .     SeeInvis .   a - +0 short sword
rCold    . . .     Faith    .   (no shield)
rNeg     . . .     Spirit   .   b - +0 leather armour
rPois    .         Reflect  .   (no helmet)
rElec    .         Harm     .   (no cloak)
rCorr    .         Rampage  .   (no gloves)
Will     .....                  (no boots)
Stlth    +++.......             (no amulet)
HPRegen  0.04/turn              (no ring)
MPRegen  0.08/turn              (no ring)

@: hasted, very quick
A: no striking features
a: no special abilities


You were on level 3 of the Dungeon.
You visited 1 branch of the dungeon, and saw 3 of its levels.

Inventory:

Hand Weapons
 a - a +0 short sword (weapon)
Armour
 b - a +0 leather armour (worn)
Wands
 g - a wand of digging (3)
Scrolls
 c - a scroll of fog
 d - a scroll of magic mapping
Potions
 h - a potion of brilliance {unknown}


   Skills:
 + Level 2.4 Fighting
 + Level 2.0 Short Blades
 + Level 2.4 Dodging
 + Level 6.0 Stealth


You couldn't memorise any spells.
You didn't know any spells.
Your spell library was empty.

Dungeon Overview and Level Annotations

Branches:
Dungeon (5/15)
 Temple: D:4-7

Altars:
Zin


Message History

A yak comes into view.
You hear a shout!
As you read the scroll of fear, it crumbles to dust.
You assume a fearsome visage.
The yak looks frightened! x3
The yak resists with some effort.
The ogre looks frightened!
A water moccasin comes into view.
A yak and an orc come into view.
A centaur skeleton comes into view.
You see here a +0 leather armour.
The water moccasin hisses angrily.
There is a stone staircase leading up here.
The yak closely misses you.
You climb upwards.
A hobgoblin comes into view.
The hobgoblin shouts!
Found a scroll labelled BOUFIO IGGECW.
Found a glowing silver altar of Zin.
Found a stone staircase leading up.
There is a stone staircase leading down here.
A kobold comes into view. It is wielding a +2 vampiric dagger.
The yak barely misses you.
The hobgoblin falls through a shaft!
The shaft crumbles and collapses.
There is a stone staircase leading up here.
The yak gores you but does no damage.
You climb upwards.
A bat comes into view.
Found a dagger and a robe.
There is a stone staircase leading down here.
Okay, then.
You feel yourself speed up. The yak gores you.
Found 7 gold pieces.
An adder comes into view.
Found a stone staircase leading up.
The bat hits you but does no damage.
Found 21 arrows.
The adder hisses angrily.
The bat completely misses you. The bat hits you but does no damage.
There is a stone staircase leading up here.
The bat barely misses you. The yak gores you!
Ouch! That really hurt!
You die...

###......#
.........##
#.#.#.#...#
.......>.#
#.#.#.#.##
### ......).#
#..
#.#.#.#.###.#
...$....Y#(#
#.#.#.#..@#
..[.....#b#
#.#####.S.#
.. #.### ....
#.### ... ###


You could see a yak, an adder and a bat.

Vanquished Creatures (others)
  5 plants (D:5)
5 creatures vanquished.

Notes
Turn   | Place    | Note
-------+----------+-------------------------------------------
     0 | D:5      | hawla the Deep Elf Delver began the quest for the Orb.
     0 | D:5      | Reached XP level 1. HP: 13/13 MP: 3/3
    25 | D:5      | Noticed an ogre
    29 | D:5      | Noticed a yak
    29 | D:5      | Noticed a yak
    30 | D:5      | Noticed a yak
    30 | D:5      | Noticed a yak
    33 | D:5      | Noticed a water moccasin
    34 | D:5      | Noticed a yak
    40 | D:4      | Found a glowing silver altar of Zin.
    55 | D:3      | Slain by a yak

Illustrated notes

Levels and vault maps discovered:
D:3:      layout_loops_ring, serial_shops, nicolae_shop_crystal, st_stairs_2
D:4:      cheibrodos_barr_body, layout_cave_pools, overflow_temple_1_default,
          mainiacjoe_overflow_large_starburst, minivault_23,
          eino_small_chamber_without_monster, uniq_duvessa, uniq_edmund
D:5:      layout_rooms, serial_bayou_lagoon_a, uniq_pikel

Action                   || total
-------------------------++-------
  Use: Scroll            ||     1
       Potion            ||     1
Armor: Leather armour    ||     3
Dodge: Dodged            ||     4
